 Dungeon Crawl Stone Soup version 0.31-a0-233-g139696dc86 (webtiles) character file.

Game seed: 18151482206096494130

311 qw the Shooter (level 6, -1/51 HPs)
             Began as a Minotaur Hexslinger on July 7, 2023.
             Slain by a black bear (4 damage)
             ... on level 4 of the Dungeon.
             The game lasted 00:01:12 (3435 turns).

qw the Shooter (Minotaur Hexslinger)                Turns: 3435, Time: 00:01:12

Health: -1/51      AC:  6    Str: 13    XL:     6   Next: 18%
Magic:  6/6        EV: 11    Int: 10    God:
Gold:   187        SH:  0    Dex: 14    Spells: 6/7 levels left

rFire   . . .        Y - +1 sling
rCold   . . .        (no shield)
rNeg    . . .        a - +0 ring mail
rPois   .            (helmet restricted)
rElec   .            (no cloak)
rCorr   .            h - +0 pair of gloves
SInv    .            (no boots)
Will    .....        (no amulet)
Stlth   +            (no ring)
HPRegen 0.28/turn    (no ring)
MPRegen 0.10/turn

%: no passive effects
@: about to teleport
A: horns 2, retaliatory headbutt
a: no special abilities


You were on level 4 of the Dungeon.
You visited 1 branch of the dungeon, and saw 4 of its levels.

You collected 209 gold pieces.
You spent 22 gold pieces at shops.


Innate Abilities, Weirdness & Mutations

You have a pair of horns on your head.
You reflexively headbutt those who attack you in melee.


   Skills:
 + Level 3.1 Fighting
 - Level 6.5 Ranged Weapons
 - Level 1.0 Armour
 - Level 2.1 Dodging
 - Level 1.0 Spellcasting
 - Level 2.0 Hexes


You had 6 spell levels left.
You knew the following spells:

 Your Spells              Type           Power      Damage    Failure   Level
a - Slow                  Hex            16%        N/A       32%         1

Your spell library contained the following spells:

 Spells                   Type           Power      Damage    Failure   Level
 Inner Flame              Hex/Fire       2%         N/A       82%         3
 Portal Projectile        Hex/Tloc       4%         N/A       82%         3
 Cause Fear               Hex            2%         N/A       97%         4

Inventory:

Hand Weapons
 Y - a +1 sling (weapon)
Armour
 a - a +0 ring mail (worn)
 h - a +0 pair of gloves (worn)
Jewellery
 k - a +6 ring of dexterity
 n - a +4 ring of slaying {mikee}
Scrolls
 b - 2 scrolls of teleportation
 c - a scroll of blinking {unknown}
 j - a scroll of identify
 l - a scroll of revelation {unknown}
 m - a scroll of fog {unknown}
Potions
 d - a potion of cancellation {unknown}
 e - a potion of mutation {unknown}
 f - a potion of attraction {unknown}
 g - a potion of heal wounds {unknown}
 i - a potion of enlightenment {unknown}

Dungeon Overview and Level Annotations

Branches:
Dungeon (4/15)
 Temple: D:4-7

Altars:
Zin

Shops:
D:1 [   D:3 *


Message History

The black bear is severely wounded.
The black bear goes berserk!
You shoot a sling bullet. The sling bullet hits the black bear.
The black bear is severely wounded.
The black bear barely misses you. You furiously retaliate!
You headbutt the black bear, but do no damage.
The black bear barely misses you.
The black bear claws you but does no damage.
The black bear misses you. The black bear closely misses you.
The black bear claws you.
You shoot a sling bullet. The sling bullet hits the black bear.
The black bear is almost dead.
The black bear closely misses you. x2; The black bear claws you.
The black bear barely misses you. The black bear claws you. x2
You shoot a sling bullet.
The sling bullet barely misses the black bear.
The black bear bites you but does no damage.
The black bear closely misses you. x2
You shoot a sling bullet.
The sling bullet barely misses the black bear.
The black bear bites you. The black bear barely misses you.
The black bear claws you but does no damage.
The black bear bites you. The black bear claws you.
The black bear barely misses you.
You shoot a sling bullet.
The sling bullet barely misses the black bear.
The black bear barely misses you. The black bear closely misses you.
The black bear claws you. The black bear bites you. The black bear misses you.
The black bear claws you.
You shoot a sling bullet. The sling bullet hits the black bear.
The black bear is almost dead.
The black bear barely misses you. The black bear claws you.
The black bear closely misses you.
The black bear bites you but does no damage.
The black bear claws you. x2
3435 ||| READING 3 scrolls of teleportation.
As you read the scroll of teleportation, it crumbles to dust.
You feel strangely unstable. The black bear bites you.
You die...

...#............. ####
..###............ .#...
#. #..........## )...#
.###........#### . #...#
.#........## # ..##...
#.........##### #......
##..#.##...##.#
#......###...####.......
#.....h@.......#..#.#...
.#...#.........#..###...
#.. ##........#..####..
# #..........##.....
##.........#......
...........#......
#..................
##.#######+++###### ##


You could see a black bear (berserk).

Vanquished Creatures
  A black bear (D:4)
  A howler monkey (D:3)
  A hound (D:4)
  4 adders
  4 worms
  2 dart slugs (D:1)
  19 orcs
  4 endoplasms
  2 giant cockroaches
  4 goblins
  4 hobgoblins
  4 jackals (D:1)
  2 quokkas (D:2)
  7 ball pythons
  7 bats
  3 frilled lizards
  11 kobolds
  5 rats
85 creatures vanquished.

Notes
Turn   | Place    | Note
-------+----------+-------------------------------------------
     0 | D:1      | qw the Minotaur Hexslinger began the quest for the Orb.
     0 | D:1      | Reached XP level 1. HP: 16/16 MP: 1/1
     0 | D:1      | 0 ||| qw: Version: 0.3-a-46-gb1f654a
     0 | D:1      | 0 ||| qw: Game counter: 3151
     0 | D:1      | 0 ||| qw: Melee chars always use a shield: true
     0 | D:1      | 0 ||| qw: God list: Okawaru
     0 | D:1      | 0 ||| qw: Allow faded altars: false
     0 | D:1      | 0 ||| qw: Do Orc after clearing Dungeon:15 true
     0 | D:1      | 0 ||| qw: Do second Lair branch before Depths: true
     0 | D:1      | 0 ||| qw: Lair rune preference: random
     0 | D:1      | 0 ||| qw: Goals: Normal
     0 | D:1      | 0 ||| PLANNING D:1-11
    22 | D:1      | 22 ||| FLEEEEING.
    70 | D:1      | Reached skill level 3 in Ranged Weapons
    85 | D:1      | Reached XP level 2. HP: 23/23 MP: 2/2
   181 | D:1      | Found Zisozud's Armour Shop.
   188 | D:1      | 188 ||| SHOPLISTING +0 ring mail (44 gold, have 12).
   204 | D:1      | Found Utuysh's One-of-a-Kind Rings.
   544 | D:1      | Reached XP level 3. HP: 20/29 MP: 3/3
   809 | D:1      | 809 ||| UPGRADING to +0 pair of gloves.
   814 | D:1      | 814 ||| READING scroll labelled MIPPOLAGOF.
   815 | D:1      | 815 ||| READING scroll labelled QATAEF GUS FEUCO.
   816 | D:1      | 816 ||| DRINKING 2 sedimented golden potions.
   817 | D:1      | 817 ||| DROPPING scroll of poison.
   818 | D:1      | 818 ||| DROPPING potion of invisibility.
   998 | D:2      | Reached skill level 4 in Ranged Weapons
  1016 | D:2      | Identified the +8 spear of the Equator {elec, rN+}
  1298 | D:2      | Reached XP level 4. HP: 31/36 MP: 4/4
  1523 | D:2      | 1523 ||| UPGRADING to +0 ring mail.
  1533 | D:2      | 1533 ||| DROPPING +0 robe.
  1534 | D:2      | 1534 ||| READING 3 scrolls labelled ZIMOLI HAKEAT.
  1588 | D:3      | Reached skill level 1 in Armour
  1745 | D:3      | Reached skill level 5 in Ranged Weapons
  1970 | D:3      | Reached XP level 5. HP: 31/42 MP: 5/5
  2318 | D:3      | Found Pukhanek's General Store.
  2326 | D:3      | 2326 ||| SHOPLISTING +0 pair of gloves of Kaomup {Rampage
                  | rPois} (172 gold, have 148).
  2326 | D:3      | 2326 ||| BUYING scroll of identify (22 gold).
  2326 | D:3      | Bought a scroll of identify for 22 gold pieces
  2385 | D:3      | Found a glowing silver altar of Zin.
  2385 | D:3      | Noticed an angel
  2969 | D:3      | 2969 ||| READING scroll labelled HOPHEYQIRE.
  3160 | D:4      | Reached skill level 3 in Fighting
  3323 | D:4      | Noticed a black bear
  3335 | D:4      | Killed a black bear
  3336 | D:4      | Reached skill level 6 in Ranged Weapons
  3336 | D:4      | Reached XP level 6. HP: 42/51 MP: 6/6
  3434 | D:4      | HP: 9/51 [black bear (4)]
  3434 | D:4      | HP: 3/51 [black bear (3)]
  3435 | D:4      | 3435 ||| READING 3 scrolls of teleportation.
  3435 | D:4      | Slain by a black bear

Levels and vault maps discovered:
D:1:      lemuel_arrival_behind_the_door_small, layout_loops_cross,
          serial_shops, shop, chequers_decorated_corner,
          nicolae_shop_unique_rings, st_stairs_11, kennysheep_small_spiral
D:2:      layout_loops_ring, minmay_tetromino_s4
D:3:      minmay_door_path, layout_basic, zin_angel, serial_shops,
          nicolae_shop_rolling_square
D:4:      layout_cave_pools, mainiacjoe_overflow_big_doors

Skill      XL: |  1  2  3  4  5 |
---------------+----------------+-----
Ranged Weapons | 3 4 5 6 |  6.5
Fighting       | 2 3 |  3.1
Armour         | 1 |  1.0
Dodging        | |  2.1
Spellcasting   | |  1.0
Hexes          | |  2.0

Action                     |  1- 3 |  4- 6 || total
---------------------------+-------+-------++-------
   Fire: Sling             |   124 |   173 ||   297
    Use: Scroll            |     2 |     3 ||     5
         Potion            |     1 |       ||     1
 Armour: Robe              |     9 |       ||     9
         Ring mail         |       |    36 ||    36
  Dodge: Dodged            |    28 |    97 ||   125

Table legend:
 A = Non-vault XP
 B = Vault XP
 C = Vault XP percentage of total XP
 D = Non-vault monster count
 E = Vault monster count
 F = Vault count percentage of total count
                 A         B        C        D         E       F
            +---------+---------+-------+---------+---------+-------
      Total |     378 |      67 |  15.1 |      77 |       8 |   9.4
            +---------+---------+-------+---------+---------+-------
        D:1 |      37 |       4 |   9.8 |      21 |       3 |  12.5
        D:2 |      67 |       4 |   5.6 |      24 |       2 |   7.7
        D:3 |      43 |      59 |  57.8 |      18 |       3 |  14.3
        D:4 |     231 |       0 |   0.0 |      14 |       0 |   0.0
            +---------+---------+-------+---------+---------+-------
